AoeStats
← 这波我很强

Oasis

507229475Analyzed
4v4 RM · 13d ago on Sep 17, 2026· 47m 9s· 8 players
Game mode
Random Map
Map size
Large (8 player)
Population
200
Speed
Normal
Resources
Standard
Victory
Conquest
Starting age
Dark Age
Ending age
Imperial Age
RankedLock teamsTeams togetherTeam positionsShared explorationLock speedFull tech treeHidden civsTurbo modeCheats
Victory
Defeat
🇪🇸 Khmer · Spain
1258
+14
🇨🇳 Poles · China
1231
+15
🇭🇰 Mongols · Hong Kong SAR China
1215
+15
🇨🇳 Shu · China
1195
+16
🇰🇷 Huns · South Korea
1205
-15
🇨🇳 Slavs · China
1204
-15
🇨🇳 Celts · China
1202
-15
🇺🇸 Persians · United States
1194
-15
DUDA
9:10 Feudal Age
9:43 Double-Bit Axe
12:17 Bloodlines
13:23 Scale Barding Armor
14:29 Horse Collar
20:22 Castle Age
18:35 Gold Mining
19:30 Forging
22:00 Husbandry
22:26 Bow Saw
25:48 Town Watch
27:07 Wheelbarrow
30:21 Gold Shaft Mining
30:32 Stone Mining
31:12 Hand Cart
32:20 Heavy Plow
32:59 Chain Barding Armor
36:40 Stone Shaft Mining
39:29 Imperial Age
37:30 Masonry
37:42 Ballistics
38:02 Iron Casting
37:28 Scale Mail Armor
37:19 Fletching
38:30 Pikeman
39:10 Squires
39:11 Halberdier
40:08 Chain Mail Armor
40:29 Plate Barding Armor
39:50 Bodkin Arrow
41:03 Cavalier
45:09 Conscription
46:17 Blast Furnace
45:48 Plate Mail Armor
cxx
11:04 Feudal Age
15:12 Castle Age
ybsngs
7:39 Loom
10:06 Feudal Age
10:10 Man-at-Arms
10:36 Loom
10:57 Double-Bit Axe
11:09 Arson
21:49 Castle Age
20:04 Forging
20:41 Scale Mail Armor
21:34 Fletching
23:52 Iron Casting
23:12 Gold Mining
24:46 Town Watch
26:24 Chain Mail Armor
27:06 Bodkin Arrow
33:36 Stronghold
34:32 Ballistics
36:22 Wheelbarrow
40:20 Imperial Age
38:19 Padded Archer Armor
38:21 Pikeman
PAWA
8:08 Loom
10:04 Feudal Age
11:41 Double-Bit Axe
12:27 Fletching
Dr_Sanz
7:49 Loom
10:30 Feudal Age
11:19 Double-Bit Axe
11:15 Horse Collar
18:07 Castle Age
17:21 Bloodlines
19:11 Bow Saw
20:10 Heavy Plow
20:52 Wheelbarrow
21:26 Stone Mining
22:15 Gold Mining
27:33 Town Watch
30:58 Hand Cart
32:22 Scale Barding Armor
33:38 Fortified Wall
34:25 Chain Barding Armor
34:15 Forging
38:22 Imperial Age
38:11 Iron Casting
38:01 Tusk Swords
38:54 Husbandry
39:38 Plate Barding Armor
40:04 Blast Furnace
39:30 Conscription
39:14 Elite Battle Elephant
这波我很强
6:14 Loom
9:25 Feudal Age
10:08 Double-Bit Axe
12:48 Horse Collar
14:55 Fletching
21:06 Wheelbarrow
24:04 Castle Age
24:18 Crossbowman
24:55 Bodkin Arrow
24:58 Gold Mining
25:46 Padded Archer Armor
25:22 Pikeman
28:07 Ballistics
28:58 Bow Saw
28:52 Heavy Plow
30:41 Thumb Ring
30:44 Squires
32:38 Leather Archer Armor
33:34 Forging
34:20 Light Cavalry
35:43 Scale Barding Armor
40:48 Hand Cart
43:54 Imperial Age
43:37 Gambesons
44:36 Arbalester
46:19 Chemistry
45:26 Siege Engineers
46:27 Bracer
46:58 Ring Archer Armor
46:51 Conscription
W_x
7:08 Loom
9:53 Feudal Age
10:27 Double-Bit Axe
10:23 Horse Collar
16:16 Forging
19:15 Gold Mining
19:16 Stone Mining
19:49 Bloodlines
19:50 Scale Barding Armor
19:41 Stone Mining
24:21 Castle Age
24:25 Light Cavalry
25:06 Husbandry
25:32 Bow Saw
25:24 Heavy Plow
26:05 Wheelbarrow
25:57 Chain Barding Armor
26:13 Iron Casting
27:13 Szlachta Privileges
28:43 Hand Cart
29:47 Town Watch
33:24 Imperial Age
33:50 Cavalier
35:05 Conscription
35:45 Crop Rotation
35:29 Scale Mail Armor
36:41 Blast Furnace
36:19 Winged Hussar
39:01 Stone Shaft Mining
39:31 Lechitic Legacy
40:27 Town Patrol
43:08 Coinage
43:01 Chain Mail Armor
42:37 Fletching
45:47 Banking
45:18 Caravan
ocheda
5:12 Loom
11:23 Feudal Age
28:41 Double-Bit Axe
36:09 Wheelbarrow
43:16 Castle Age
Connection lost

Rejoining the realm…

Still unreachable

The connection could not be restored.

Session expired

The server has moved on; the page needs a fresh start.